 Dungeon Crawl Stone Soup version 0.28-a0-1348-g050f3537b9 (webtiles) character file.

Game seed: 1201438372308701182

101 Deminshera the Poker (level 4, -7/38 HPs)
             Began as a Naga Artificer on Dec 30, 2021.
             Mangled by a wight (18 damage)
             ... on level 4 of the Dungeon.
             The game lasted 00:02:41 (2133 turns).

Deminshera the Poker (Naga Artificer)               Turns: 2133, Time: 00:02:42

Health: -7/38      AC:  3    Str: 16    XL:     4   Next: 75%
Magic:  4/4        EV:  9    Int: 11    God:
Gold:   147        SH:  0    Dex: 12    Spells: 3/3 levels left

rFire   . . .      SeeInvis +   f - +1 trident (freeze)
rCold   . . .      Faith    .   (no shield)
rNeg    . . .      Spirit   .   b - +0 leather armour
rPois   +          Reflect  .   (no helmet)
rElec   .          Harm     .   (no cloak)
rCorr   .          Rampage  .   (no gloves)
Will    .....                   (no barding)
Stlth   +.........              (no amulet)
HPRegen 0.12/turn               (no ring)
MPRegen 0.09/turn               (no ring)

@: very slow
A: AC +1, large, see invisible, deformed body, poison resistance, slowness 2,
spit poison 1, naga tail 1
a: Spit Poison


You were on level 4 of the Dungeon.
You visited 1 branch of the dungeon, and saw 5 of its levels.

You collected 147 gold pieces.

Inventory:

Hand Weapons
 f - a +1 trident of freezing (weapon)
Armour
 b - a +0 leather armour (worn)
Jewellery
 o - a +6 ring of intelligence
Wands
 c - a wand of flame (12) (quivered)
 d - a wand of charming (15)
Scrolls
 h - 2 scrolls of identify {unknown}
 k - a scroll of fog {unknown}
 l - a scroll of enchant armour {unknown}
 m - 2 scrolls of immolation {unknown}
 n - a scroll of blinking {unknown}
Potions
 a - 3 potions of curing {unknown}
 g - a potion of cancellation {unknown}
 i - 2 potions of attraction {unknown}
 j - a potion of heal wounds
Miscellaneous
 e - a piece from Xom's chessboard (15/15)


   Skills:
 + Level 1.5 Fighting
 - Level 4.0 Polearms
 - Level 1.5 Armour
 - Level 0.7 Dodging
 - Level 1.5 Stealth
 - Level 3.0 Evocations


You had 3 spell levels left.
You didn't know any spells.
Your spell library contained the following spells:

 Spells                   Type           Power      Damage    Failure   Level
 Animate Skeleton         Necr           0%         N/A       41%         1
 Apportation              Tloc           0%         N/A       41%         1
 Summon Small Mammal      Summ           0%         N/A       41%         1
 Static Discharge         Conj/Air       0%         N/A       54%         2
 Ozocubu's Armour         Ice            0%         N/A       78%         3
 Dispel Undead            Necr           0%         3d6       99%         4
 Sticky Flame             Conj/Fire      0%         2d3       99%         4
 Metabolic Englaciation   Hex/Ice        0%         N/A       100%        5
 Simulacrum               Ice/Necr       0%         N/A       100%        6


Dungeon Overview and Level Annotations

Branches:
Dungeon (5/15)
 Temple: D:4-7

Altars:
Cheibriados


Innate Abilities, Weirdness & Mutations

Your serpentine skin is tough. (AC +1)
You have supernaturally acute eyesight. (SInv)
Armour fits poorly on your strangely shaped body.
Your system is resistant to poisons. (rPois)
You cover ground very slowly.
You can spit poison.
You have a snake-like lower body.


Message History

Press: ? - help, Shift-Dir - straight line, f/p - centaur skeleton
Aim: a centaur skeleton (almost destroyed, 100% to hit)
The puff of flame hits the centaur skeleton!
You destroy the centaur skeleton!
Training target 4.0 for Polearms reached!
Your Polearms skill increases to level 4!
You need to enable at least one skill for training.
You start resting.
HP restored.
Things that are here:
a +0 whip; a kobold corpse You open the door.
There is an open door here.
What are your orders? t - Shout!
Orders for allies: a - Attack new target. r - Retreat! s - Stop attacking. g - Guard the area. f - Follow me.
Anything else - Cancel.
Okay, then.
You open the door.
There is an open door here.
Found a stone staircase leading down.
You open the door.
Found a yellow potion.
There is an open door here.
i - 2 yellow potions (gained 1)
You open the door.
A wight comes into view. It is wielding a +3 great sword.
You reach to attack!
The helpless wight fails to defend itself.
You hit the wight but do no damage. You closely miss the wight.
The wight hits you with a +3 great sword!
You puncture the wight!
The wight is severely damaged.
The wight hits you with a +3 great sword!
* * * LOW HITPOINT WARNING * * *
The wight hits you with a +3 great sword!!
You die...

#####
#.z@+
###.#
+.+
#.#
+.+
#.#
+.+
#.#
+.+


You could see a wight.

Vanquished Creatures
  A centaur skeleton (D:4)
  2 adders
  A worm (D:3)
  2 dart slugs (D:2)
  An orc (D:3)
  6 bats
  6 endoplasms
  A giant cockroach (D:2)
  4 goblins
  A hobgoblin (D:1)
  3 jackals (D:2)
  7 kobolds
  6 ball pythons
  2 frilled lizards (D:3)
  3 rats
46 creatures vanquished.

Notes
Turn   | Place    | Note
-------+----------+-------------------------------------------
     0 | D:1      | Deminshera the Naga Artificer began the quest for the Orb.
     0 | D:1      | Reached XP level 1. HP: 18/18 MP: 1/1
    22 | D:1      | Reached skill level 1 in Polearms
    35 | D:1      | Reached XP level 2. HP: 25/25 MP: 2/2
   128 | D:1      | Reached skill level 2 in Polearms
   519 | D:1      | Found a faded altar of an unknown god.
   536 | D:1      | Reached XP level 3. HP: 23/31 MP: 3/3
   840 | D:2      | Reached skill level 3 in Polearms
  1503 | D:3      | Reached XP level 4. HP: 21/38 MP: 4/4
  1917 | D:3      | Found a snail-covered altar of Cheibriados.
  1924 | D:3      | You fall into a shaft and drop 2 floors!
  1924 | D:5      | Entered Level 5 of the Dungeon
  1943 | D:4      | Reached skill level 4 in Polearms
  2133 | D:4      | Mangled by a wight

Illustrated notes

Levels and vault maps discovered:
D:1:      psy_arrival_statuary, layout_rooms,
          shapermc_ecumenical_altar_notcrosses, minivault_26,
          minmay_heptomino_d4
D:2:      layout_basic
D:3:      layout_basic, okawaru_metal_pillars_1_2,
          mainiacjoe_overflow_cross_hatched,
          mainiacjoe_overflow_large_starburst, grunt_decor_arrowhead,
          minmay_pentomino_pile, uniq_terence
D:4:      kennysheep_the_goblin_king, layout_basic,
          lemuel_mausoleum_altar_kikubaaqudgha, grunt_ministairs_14
D:5:      layout_gridville, mainiacjoe_overflow_surrounded_room,
          mainiacjoe_overflow_small_starburst, ebering_ghost_sewer_f,
          small_statue_intersection, lightli_church_of_beogh

Skill      XL: |  1  2  3  4 |
---------------+-------------+-----
Polearms       | 1 2 3 4 |  4.0
Fighting       | |  1.5
Armour         | |  1.5
Dodging        | |  0.7
Stealth        | |  1.5
Evocations     | |  3.0

Action                   |  1- 3 |  4- 6 || total
-------------------------+-------+-------++-------
Melee: Trident           |    64 |    15 ||    79
 Abil: Spit Poison       |    13 |     3 ||    16
Evoke: Wand              |       |     3 ||     3
 Stab: Sleeping          |     1 |     1 ||     2
Armor: Leather armour    |    17 |     3 ||    20
Dodge: Dodged            |    30 |    17 ||    47

Table legend: (Time is in decaauts)
 A = Elapsed time spent in this place.
 B = Non-inter-level travel time spent in this place.
 C = Inter-level travel time spent in this place.
 D = Time resting spent in this place.
 E = Time spent auto-exploring this place.
 F = Levels seen in this place.
 G = Mean time per level.
                   A        B        C        D        E       F      G
               +--------+--------+--------+--------+--------+-----+--------+
         Total |   2641 |   2542 |     99 |    391 |   1761 |   5 |  528.2 |
       Dungeon |   2641 |   2542 |     99 |    391 |   1761 |   5 |  528.2 |
               +--------+--------+--------+--------+--------+-----+--------+

Top non-repeatable levels by time:
     D:2: 989 daAuts
     D:1: 842 daAuts
     D:3: 574 daAuts
     D:4: 228 daAuts
     D:5: 6 daAuts
